Workbook
Name 担当者リスト: 設定!$B$9:$B$23

Sheet 請求台帳
A1: 他にも魅力的な情報がたっぷり！テンプレート倉庫
B2: 草色の欄に入力します。グレーの欄（税額・請求額・支払期日・未入金額・ステータス）は自動計算です。入金があったら入金日・入金額を入れるとステータスが変わります。 | V2: =設定!$C$6 -> 7
B3: 請求書管理台帳
B5: 請求件数 | E5: 請求総額（税込） | F5: 入金済額 | H5: 未入金残高 | J5: 期日超過（件） | L5: 期日超過額 | N5: 期日が近い | P5: 回収率（金額）
B6: =COUNT($D$9:$D$208) -> 8 | E6: =SUM($J$9:$J$208) -> 2029500 | F6: =SUM($N$9:$N$208) -> 336340 | H6: =SUMIF($P$9:$P$208,">0") -> 1692500 | J6: =COUNTIF($Q$9:$Q$208,"期日超過") -> 1 | L6: =SUMIF($Q$9:$Q$208,"期日超過",$P$9:$P$208) -> 176000 | N6: =COUNTIFS($R$9:$R$208,">=0",$R$9:$R$208,"<="&設定!$C$6) -> 1 | P6: =IFERROR((SUM($N$9:$N$208)+SUM($O$9:$O$208))/SUM($J$9:$J$208),"") -> 0.16605075
B8: No | C8: 請求番号 | D8: 請求日 | E8: 顧客名 | F8: 件名 | G8: 担当者 | H8: 金額（税抜） | I8: 消費税 | J8: 請求額 （税込） | K8: 期日指定（任意） | L8: 支払期日 | M8: 入金日 | N8: 入金額 | O8: 振込 手数料等 | P8: 未入金額 | Q8: ステータス | R8: 期日 まで | S8: 見積番号 | T8: 備考
B9: =IF(D9="","",COUNT($D$9:D9)) -> 1 | C9: INV2608-001 | D9: 46265 | E9: 株式会社○○商事 | F9: Webサイト保守（8月分） | G9: 佐藤 | H9: 30000 | I9: =IF(H9="","",ROUNDDOWN(H9*設定!$C$4,0)) -> 3000 | J9: =IF(H9="","",H9+I9) -> 33000 | L9: =IF(D9="","",IF(K9<>"",K9,EOMONTH(D9,設定!$C$5))) -> 46295 | M9: 46295 | N9: 33000 | O9: 0 | P9: =IF(J9="","",J9-N9-O9) -> 0 | Q9: =IF(OR(D9="",H9=""),"",IF(P9<=0,"入金済",IF(TODAY()>L9,"期日超過",IF(N9>0,"一部入金","未入金")))) -> 入金済 | R9: =IF(OR(Q9="",Q9="入金済"),"",L9-TODAY()) | S9: Q2609-001 | T9: 月額契約
B10: =IF(D10="","",COUNT($D$9:D10)) -> 2 | C10: INV2608-002 | D10: 46265 | E10: ○○食品株式会社 | F10: 商品撮影（前回分） | G10: 高橋 | H10: 160000 | I10: =IF(H10="","",ROUNDDOWN(H10*設定!$C$4,0)) -> 16000 | J10: =IF(H10="","",H10+I10) -> 176000 | L10: =IF(D10="","",IF(K10<>"",K10,EOMONTH(D10,設定!$C$5))) -> 46295 | P10: =IF(J10="","",J10-N10-O10) -> 176000 | Q10: =IF(OR(D10="",H10=""),"",IF(P10<=0,"入金済",IF(TODAY()>L10,"期日超過",IF(N10>0,"一部入金","未入金")))) -> 期日超過 | R10: =IF(OR(Q10="",Q10="入金済"),"",L10-TODAY()) -> -30 | T10: 10/15 督促メール送付済
B11: =IF(D11="","",COUNT($D$9:D11)) -> 3 | C11: INV2609-001 | D11: 46285 | E11: 有限会社○○ | F11: チラシデザイン | G11: 高橋 | H11: 110000 | I11: =IF(H11="","",ROUNDDOWN(H11*設定!$C$4,0)) -> 11000 | J11: =IF(H11="","",H11+I11) -> 121000 | L11: =IF(D11="","",IF(K11<>"",K11,EOMONTH(D11,設定!$C$5))) -> 46326 | M11: 46323 | N11: 120340 | O11: 660 | P11: =IF(J11="","",J11-N11-O11) -> 0 | Q11: =IF(OR(D11="",H11=""),"",IF(P11<=0,"入金済",IF(TODAY()>L11,"期日超過",IF(N11>0,"一部入金","未入金")))) -> 入金済 | R11: =IF(OR(Q11="",Q11="入金済"),"",L11-TODAY()) | S11: Q2609-003 | T11: 手数料先方負担分を差引
B12: =IF(D12="","",COUNT($D$9:D12)) -> 4 | C12: INV2609-002 | D12: 46295 | E12: 株式会社○○商事 | F12: Webサイト保守（9月分） | G12: 佐藤 | H12: 30000 | I12: =IF(H12="","",ROUNDDOWN(H12*設定!$C$4,0)) -> 3000 | J12: =IF(H12="","",H12+I12) -> 33000 | L12: =IF(D12="","",IF(K12<>"",K12,EOMONTH(D12,設定!$C$5))) -> 46326 | M12: 46325 | N12: 33000 | O12: 0 | P12: =IF(J12="","",J12-N12-O12) -> 0 | Q12: =IF(OR(D12="",H12=""),"",IF(P12<=0,"入金済",IF(TODAY()>L12,"期日超過",IF(N12>0,"一部入金","未入金")))) -> 入金済 | R12: =IF(OR(Q12="",Q12="入金済"),"",L12-TODAY()) | S12: Q2609-001
B13: =IF(D13="","",COUNT($D$9:D13)) -> 5 | C13: INV2610-001 | D13: 46305 | E13: ○○市役所 | F13: イベント運営支援 | G13: 田中 | H13: 980000 | I13: =IF(H13="","",ROUNDDOWN(H13*設定!$C$4,0)) -> 98000 | J13: =IF(H13="","",H13+I13) -> 1078000 | K13: 46356 | L13: =IF(D13="","",IF(K13<>"",K13,EOMONTH(D13,設定!$C$5))) -> 46356 | P13: =IF(J13="","",J13-N13-O13) -> 1078000 | Q13: =IF(OR(D13="",H13=""),"",IF(P13<=0,"入金済",IF(TODAY()>L13,"期日超過",IF(N13>0,"一部入金","未入金")))) -> 未入金 | R13: =IF(OR(Q13="",Q13="入金済"),"",L13-TODAY()) -> 31 | S13: Q2609-004 | T13: 官公庁・期日個別指定
B14: =IF(D14="","",COUNT($D$9:D14)) -> 6 | C14: INV2610-002 | D14: 46315 | E14: 株式会社○○設計 | F14: CAD研修 | G14: 伊藤 | H14: 280000 | I14: =IF(H14="","",ROUNDDOWN(H14*設定!$C$4,0)) -> 28000 | J14: =IF(H14="","",H14+I14) -> 308000 | L14: =IF(D14="","",IF(K14<>"",K14,EOMONTH(D14,設定!$C$5))) -> 46356 | M14: 46324 | N14: 150000 | O14: 0 | P14: =IF(J14="","",J14-N14-O14) -> 158000 | Q14: =IF(OR(D14="",H14=""),"",IF(P14<=0,"入金済",IF(TODAY()>L14,"期日超過",IF(N14>0,"一部入金","未入金")))) -> 一部入金 | R14: =IF(OR(Q14="",Q14="入金済"),"",L14-TODAY()) -> 31 | S14: Q2610-003 | T14: 分割払い（2回）
B15: =IF(D15="","",COUNT($D$9:D15)) -> 7 | C15: INV2610-003 | D15: 46325 | E15: 株式会社○○商事 | F15: Webサイト保守（10月分） | G15: 佐藤 | H15: 30000 | I15: =IF(H15="","",ROUNDDOWN(H15*設定!$C$4,0)) -> 3000 | J15: =IF(H15="","",H15+I15) -> 33000 | L15: =IF(D15="","",IF(K15<>"",K15,EOMONTH(D15,設定!$C$5))) -> 46356 | P15: =IF(J15="","",J15-N15-O15) -> 33000 | Q15: =IF(OR(D15="",H15=""),"",IF(P15<=0,"入金済",IF(TODAY()>L15,"期日超過",IF(N15>0,"一部入金","未入金")))) -> 未入金 | R15: =IF(OR(Q15="",Q15="入金済"),"",L15-TODAY()) -> 31 | S15: Q2609-001
B16: =IF(D16="","",COUNT($D$9:D16)) -> 8 | C16: INV2610-004 | D16: 46320 | E16: ○○物産株式会社 | F16: パンフレット制作 着手金 | G16: 高橋 | H16: 225000 | I16: =IF(H16="","",ROUNDDOWN(H16*設定!$C$4,0)) -> 22500 | J16: =IF(H16="","",H16+I16) -> 247500 | K16: 46331 | L16: =IF(D16="","",IF(K16<>"",K16,EOMONTH(D16,設定!$C$5))) -> 46331 | P16: =IF(J16="","",J16-N16-O16) -> 247500 | Q16: =IF(OR(D16="",H16=""),"",IF(P16<=0,"入金済",IF(TODAY()>L16,"期日超過",IF(N16>0,"一部入金","未入金")))) -> 未入金 | R16: =IF(OR(Q16="",Q16="入金済"),"",L16-TODAY()) -> 6 | S16: Q2610-001 | T16: 着手金50%
B17: =IF(D17="","",COUNT($D$9:D17)) | I17: =IF(H17="","",ROUNDDOWN(H17*設定!$C$4,0)) | J17: =IF(H17="","",H17+I17) | L17: =IF(D17="","",IF(K17<>"",K17,EOMONTH(D17,設定!$C$5))) | P17: =IF(J17="","",J17-N17-O17) | Q17: =IF(OR(D17="",H17=""),"",IF(P17<=0,"入金済",IF(TODAY()>L17,"期日超過",IF(N17>0,"一部入金","未入金")))) | R17: =IF(OR(Q17="",Q17="入金済"),"",L17-TODAY())
B18: =IF(D18="","",COUNT($D$9:D18)) | I18: =IF(H18="","",ROUNDDOWN(H18*設定!$C$4,0)) | J18: =IF(H18="","",H18+I18) | L18: =IF(D18="","",IF(K18<>"",K18,EOMONTH(D18,設定!$C$5))) | P18: =IF(J18="","",J18-N18-O18) | Q18: =IF(OR(D18="",H18=""),"",IF(P18<=0,"入金済",IF(TODAY()>L18,"期日超過",IF(N18>0,"一部入金","未入金")))) | R18: =IF(OR(Q18="",Q18="入金済"),"",L18-TODAY())
B19: =IF(D19="","",COUNT($D$9:D19)) | I19: =IF(H19="","",ROUNDDOWN(H19*設定!$C$4,0)) | J19: =IF(H19="","",H19+I19) | L19: =IF(D19="","",IF(K19<>"",K19,EOMONTH(D19,設定!$C$5))) | P19: =IF(J19="","",J19-N19-O19) | Q19: =IF(OR(D19="",H19=""),"",IF(P19<=0,"入金済",IF(TODAY()>L19,"期日超過",IF(N19>0,"一部入金","未入金")))) | R19: =IF(OR(Q19="",Q19="入金済"),"",L19-TODAY())
B20: =IF(D20="","",COUNT($D$9:D20)) | I20: =IF(H20="","",ROUNDDOWN(H20*設定!$C$4,0)) | J20: =IF(H20="","",H20+I20) | L20: =IF(D20="","",IF(K20<>"",K20,EOMONTH(D20,設定!$C$5))) | P20: =IF(J20="","",J20-N20-O20) | Q20: =IF(OR(D20="",H20=""),"",IF(P20<=0,"入金済",IF(TODAY()>L20,"期日超過",IF(N20>0,"一部入金","未入金")))) | R20: =IF(OR(Q20="",Q20="入金済"),"",L20-TODAY())
B21: =IF(D21="","",COUNT($D$9:D21)) | I21: =IF(H21="","",ROUNDDOWN(H21*設定!$C$4,0)) | J21: =IF(H21="","",H21+I21) | L21: =IF(D21="","",IF(K21<>"",K21,EOMONTH(D21,設定!$C$5))) | P21: =IF(J21="","",J21-N21-O21) | Q21: =IF(OR(D21="",H21=""),"",IF(P21<=0,"入金済",IF(TODAY()>L21,"期日超過",IF(N21>0,"一部入金","未入金")))) | R21: =IF(OR(Q21="",Q21="入金済"),"",L21-TODAY())
B22: =IF(D22="","",COUNT($D$9:D22)) | I22: =IF(H22="","",ROUNDDOWN(H22*設定!$C$4,0)) | J22: =IF(H22="","",H22+I22) | L22: =IF(D22="","",IF(K22<>"",K22,EOMONTH(D22,設定!$C$5))) | P22: =IF(J22="","",J22-N22-O22) | Q22: =IF(OR(D22="",H22=""),"",IF(P22<=0,"入金済",IF(TODAY()>L22,"期日超過",IF(N22>0,"一部入金","未入金")))) | R22: =IF(OR(Q22="",Q22="入金済"),"",L22-TODAY())
B23: =IF(D23="","",COUNT($D$9:D23)) | I23: =IF(H23="","",ROUNDDOWN(H23*設定!$C$4,0)) | J23: =IF(H23="","",H23+I23) | L23: =IF(D23="","",IF(K23<>"",K23,EOMONTH(D23,設定!$C$5))) | P23: =IF(J23="","",J23-N23-O23) | Q23: =IF(OR(D23="",H23=""),"",IF(P23<=0,"入金済",IF(TODAY()>L23,"期日超過",IF(N23>0,"一部入金","未入金")))) | R23: =IF(OR(Q23="",Q23="入金済"),"",L23-TODAY())
B24: =IF(D24="","",COUNT($D$9:D24)) | I24: =IF(H24="","",ROUNDDOWN(H24*設定!$C$4,0)) | J24: =IF(H24="","",H24+I24) | L24: =IF(D24="","",IF(K24<>"",K24,EOMONTH(D24,設定!$C$5))) | P24: =IF(J24="","",J24-N24-O24) | Q24: =IF(OR(D24="",H24=""),"",IF(P24<=0,"入金済",IF(TODAY()>L24,"期日超過",IF(N24>0,"一部入金","未入金")))) | R24: =IF(OR(Q24="",Q24="入金済"),"",L24-TODAY())
B25: =IF(D25="","",COUNT($D$9:D25)) | I25: =IF(H25="","",ROUNDDOWN(H25*設定!$C$4,0)) | J25: =IF(H25="","",H25+I25) | L25: =IF(D25="","",IF(K25<>"",K25,EOMONTH(D25,設定!$C$5))) | P25: =IF(J25="","",J25-N25-O25) | Q25: =IF(OR(D25="",H25=""),"",IF(P25<=0,"入金済",IF(TODAY()>L25,"期日超過",IF(N25>0,"一部入金","未入金")))) | R25: =IF(OR(Q25="",Q25="入金済"),"",L25-TODAY())
B26: =IF(D26="","",COUNT($D$9:D26)) | I26: =IF(H26="","",ROUNDDOWN(H26*設定!$C$4,0)) | J26: =IF(H26="","",H26+I26) | L26: =IF(D26="","",IF(K26<>"",K26,EOMONTH(D26,設定!$C$5))) | P26: =IF(J26="","",J26-N26-O26) | Q26: =IF(OR(D26="",H26=""),"",IF(P26<=0,"入金済",IF(TODAY()>L26,"期日超過",IF(N26>0,"一部入金","未入金")))) | R26: =IF(OR(Q26="",Q26="入金済"),"",L26-TODAY())
B27: =IF(D27="","",COUNT($D$9:D27)) | I27: =IF(H27="","",ROUNDDOWN(H27*設定!$C$4,0)) | J27: =IF(H27="","",H27+I27) | L27: =IF(D27="","",IF(K27<>"",K27,EOMONTH(D27,設定!$C$5))) | P27: =IF(J27="","",J27-N27-O27) | Q27: =IF(OR(D27="",H27=""),"",IF(P27<=0,"入金済",IF(TODAY()>L27,"期日超過",IF(N27>0,"一部入金","未入金")))) | R27: =IF(OR(Q27="",Q27="入金済"),"",L27-TODAY())
B28: =IF(D28="","",COUNT($D$9:D28)) | I28: =IF(H28="","",ROUNDDOWN(H28*設定!$C$4,0)) | J28: =IF(H28="","",H28+I28) | L28: =IF(D28="","",IF(K28<>"",K28,EOMONTH(D28,設定!$C$5))) | P28: =IF(J28="","",J28-N28-O28) | Q28: =IF(OR(D28="",H28=""),"",IF(P28<=0,"入金済",IF(TODAY()>L28,"期日超過",IF(N28>0,"一部入金","未入金")))) | R28: =IF(OR(Q28="",Q28="入金済"),"",L28-TODAY())
... B208: =IF(D208="","",COUNT($D$9:D208)) | I208: =IF(H208="","",ROUNDDOWN(H208*設定!$C$4,0)) | J208: =IF(H208="","",H208+I208) | L208: =IF(D208="","",IF(K208<>"",K208,EOMONTH(D208,設定!$C$5))) | P208: =IF(J208="","",J208-N208-O208) | Q208: =IF(OR(D208="",H208=""),"",IF(P208<=0,"入金済",IF(TODAY()>L208,"期日超過",IF(N208>0,"一部入金","未入金")))) | R208: =IF(OR(Q208="",Q208="入金済"),"",L208-TODAY())

Sheet 集計
A1: 他にも魅力的な情報がたっぷり！テンプレート倉庫
B2: 請求・入金の集計
B4: 集計開始月 | C4: 46113 | D4: ここから12か月分を集計します（請求は請求日、入金は入金日、期日到来は支払期日で分類）
B6: 月 | C6: 請求件数 | D6: 請求額（税込） | E6: 入金額 | F6: 期日到来額 | G6: うち未回収 | H6: 回収率 （期日到来分）
B7: =EDATE($C$4,0) -> 46113 | C7: =COUNTIFS(請求台帳!$D$9:$D$208,">="&EDATE($C$4,0),請求台帳!$D$9:$D$208,"<"&EDATE($C$4,1)) -> 0 | D7: =SUMIFS(請求台帳!$J$9:$J$208,請求台帳!$D$9:$D$208,">="&EDATE($C$4,0),請求台帳!$D$9:$D$208,"<"&EDATE($C$4,1)) -> 0 | E7: =SUMIFS(請求台帳!$N$9:$N$208,請求台帳!$M$9:$M$208,">="&EDATE($C$4,0),請求台帳!$M$9:$M$208,"<"&EDATE($C$4,1)) -> 0 | F7: =SUMIFS(請求台帳!$J$9:$J$208,請求台帳!$L$9:$L$208,">="&EDATE($C$4,0),請求台帳!$L$9:$L$208,"<"&EDATE($C$4,1)) -> 0 | G7: =SUMIFS(請求台帳!$P$9:$P$208,請求台帳!$L$9:$L$208,">="&EDATE($C$4,0),請求台帳!$L$9:$L$208,"<"&EDATE($C$4,1),請求台帳!$P$9:$P$208,">0") -> 0 | H7: =IF(F7=0,"",1-G7/F7)
B8: =EDATE($C$4,1) -> 46143 | C8: =COUNTIFS(請求台帳!$D$9:$D$208,">="&EDATE($C$4,1),請求台帳!$D$9:$D$208,"<"&EDATE($C$4,2)) -> 0 | D8: =SUMIFS(請求台帳!$J$9:$J$208,請求台帳!$D$9:$D$208,">="&EDATE($C$4,1),請求台帳!$D$9:$D$208,"<"&EDATE($C$4,2)) -> 0 | E8: =SUMIFS(請求台帳!$N$9:$N$208,請求台帳!$M$9:$M$208,">="&EDATE($C$4,1),請求台帳!$M$9:$M$208,"<"&EDATE($C$4,2)) -> 0 | F8: =SUMIFS(請求台帳!$J$9:$J$208,請求台帳!$L$9:$L$208,">="&EDATE($C$4,1),請求台帳!$L$9:$L$208,"<"&EDATE($C$4,2)) -> 0 | G8: =SUMIFS(請求台帳!$P$9:$P$208,請求台帳!$L$9:$L$208,">="&EDATE($C$4,1),請求台帳!$L$9:$L$208,"<"&EDATE($C$4,2),請求台帳!$P$9:$P$208,">0") -> 0 | H8: =IF(F8=0,"",1-G8/F8)
B9: =EDATE($C$4,2) -> 46174 | C9: =COUNTIFS(請求台帳!$D$9:$D$208,">="&EDATE($C$4,2),請求台帳!$D$9:$D$208,"<"&EDATE($C$4,3)) -> 0 | D9: =SUMIFS(請求台帳!$J$9:$J$208,請求台帳!$D$9:$D$208,">="&EDATE($C$4,2),請求台帳!$D$9:$D$208,"<"&EDATE($C$4,3)) -> 0 | E9: =SUMIFS(請求台帳!$N$9:$N$208,請求台帳!$M$9:$M$208,">="&EDATE($C$4,2),請求台帳!$M$9:$M$208,"<"&EDATE($C$4,3)) -> 0 | F9: =SUMIFS(請求台帳!$J$9:$J$208,請求台帳!$L$9:$L$208,">="&EDATE($C$4,2),請求台帳!$L$9:$L$208,"<"&EDATE($C$4,3)) -> 0 | G9: =SUMIFS(請求台帳!$P$9:$P$208,請求台帳!$L$9:$L$208,">="&EDATE($C$4,2),請求台帳!$L$9:$L$208,"<"&EDATE($C$4,3),請求台帳!$P$9:$P$208,">0") -> 0 | H9: =IF(F9=0,"",1-G9/F9)
B10: =EDATE($C$4,3) -> 46204 | C10: =COUNTIFS(請求台帳!$D$9:$D$208,">="&EDATE($C$4,3),請求台帳!$D$9:$D$208,"<"&EDATE($C$4,4)) -> 0 | D10: =SUMIFS(請求台帳!$J$9:$J$208,請求台帳!$D$9:$D$208,">="&EDATE($C$4,3),請求台帳!$D$9:$D$208,"<"&EDATE($C$4,4)) -> 0 | E10: =SUMIFS(請求台帳!$N$9:$N$208,請求台帳!$M$9:$M$208,">="&EDATE($C$4,3),請求台帳!$M$9:$M$208,"<"&EDATE($C$4,4)) -> 0 | F10: =SUMIFS(請求台帳!$J$9:$J$208,請求台帳!$L$9:$L$208,">="&EDATE($C$4,3),請求台帳!$L$9:$L$208,"<"&EDATE($C$4,4)) -> 0 | G10: =SUMIFS(請求台帳!$P$9:$P$208,請求台帳!$L$9:$L$208,">="&EDATE($C$4,3),請求台帳!$L$9:$L$208,"<"&EDATE($C$4,4),請求台帳!$P$9:$P$208,">0") -> 0 | H10: =IF(F10=0,"",1-G10/F10)
B11: =EDATE($C$4,4) -> 46235 | C11: =COUNTIFS(請求台帳!$D$9:$D$208,">="&EDATE($C$4,4),請求台帳!$D$9:$D$208,"<"&EDATE($C$4,5)) -> 2 | D11: =SUMIFS(請求台帳!$J$9:$J$208,請求台帳!$D$9:$D$208,">="&EDATE($C$4,4),請求台帳!$D$9:$D$208,"<"&EDATE($C$4,5)) -> 209000 | E11: =SUMIFS(請求台帳!$N$9:$N$208,請求台帳!$M$9:$M$208,">="&EDATE($C$4,4),請求台帳!$M$9:$M$208,"<"&EDATE($C$4,5)) -> 0 | F11: =SUMIFS(請求台帳!$J$9:$J$208,請求台帳!$L$9:$L$208,">="&EDATE($C$4,4),請求台帳!$L$9:$L$208,"<"&EDATE($C$4,5)) -> 0 | G11: =SUMIFS(請求台帳!$P$9:$P$208,請求台帳!$L$9:$L$208,">="&EDATE($C$4,4),請求台帳!$L$9:$L$208,"<"&EDATE($C$4,5),請求台帳!$P$9:$P$208,">0") -> 0 | H11: =IF(F11=0,"",1-G11/F11)
B12: =EDATE($C$4,5) -> 46266 | C12: =COUNTIFS(請求台帳!$D$9:$D$208,">="&EDATE($C$4,5),請求台帳!$D$9:$D$208,"<"&EDATE($C$4,6)) -> 2 | D12: =SUMIFS(請求台帳!$J$9:$J$208,請求台帳!$D$9:$D$208,">="&EDATE($C$4,5),請求台帳!$D$9:$D$208,"<"&EDATE($C$4,6)) -> 154000 | E12: =SUMIFS(請求台帳!$N$9:$N$208,請求台帳!$M$9:$M$208,">="&EDATE($C$4,5),請求台帳!$M$9:$M$208,"<"&EDATE($C$4,6)) -> 33000 | F12: =SUMIFS(請求台帳!$J$9:$J$208,請求台帳!$L$9:$L$208,">="&EDATE($C$4,5),請求台帳!$L$9:$L$208,"<"&EDATE($C$4,6)) -> 209000 | G12: =SUMIFS(請求台帳!$P$9:$P$208,請求台帳!$L$9:$L$208,">="&EDATE($C$4,5),請求台帳!$L$9:$L$208,"<"&EDATE($C$4,6),請求台帳!$P$9:$P$208,">0") -> 176000 | H12: =IF(F12=0,"",1-G12/F12) -> 0.15789474
B13: =EDATE($C$4,6) -> 46296 | C13: =COUNTIFS(請求台帳!$D$9:$D$208,">="&EDATE($C$4,6),請求台帳!$D$9:$D$208,"<"&EDATE($C$4,7)) -> 4 | D13: =SUMIFS(請求台帳!$J$9:$J$208,請求台帳!$D$9:$D$208,">="&EDATE($C$4,6),請求台帳!$D$9:$D$208,"<"&EDATE($C$4,7)) -> 1666500 | E13: =SUMIFS(請求台帳!$N$9:$N$208,請求台帳!$M$9:$M$208,">="&EDATE($C$4,6),請求台帳!$M$9:$M$208,"<"&EDATE($C$4,7)) -> 303340 | F13: =SUMIFS(請求台帳!$J$9:$J$208,請求台帳!$L$9:$L$208,">="&EDATE($C$4,6),請求台帳!$L$9:$L$208,"<"&EDATE($C$4,7)) -> 154000 | G13: =SUMIFS(請求台帳!$P$9:$P$208,請求台帳!$L$9:$L$208,">="&EDATE($C$4,6),請求台帳!$L$9:$L$208,"<"&EDATE($C$4,7),請求台帳!$P$9:$P$208,">0") -> 0 | H13: =IF(F13=0,"",1-G13/F13) -> 1
B14: =EDATE($C$4,7) -> 46327 | C14: =COUNTIFS(請求台帳!$D$9:$D$208,">="&EDATE($C$4,7),請求台帳!$D$9:$D$208,"<"&EDATE($C$4,8)) -> 0 | D14: =SUMIFS(請求台帳!$J$9:$J$208,請求台帳!$D$9:$D$208,">="&EDATE($C$4,7),請求台帳!$D$9:$D$208,"<"&EDATE($C$4,8)) -> 0 | E14: =SUMIFS(請求台帳!$N$9:$N$208,請求台帳!$M$9:$M$208,">="&EDATE($C$4,7),請求台帳!$M$9:$M$208,"<"&EDATE($C$4,8)) -> 0 | F14: =SUMIFS(請求台帳!$J$9:$J$208,請求台帳!$L$9:$L$208,">="&EDATE($C$4,7),請求台帳!$L$9:$L$208,"<"&EDATE($C$4,8)) -> 1666500 | G14: =SUMIFS(請求台帳!$P$9:$P$208,請求台帳!$L$9:$L$208,">="&EDATE($C$4,7),請求台帳!$L$9:$L$208,"<"&EDATE($C$4,8),請求台帳!$P$9:$P$208,">0") -> 1516500 | H14: =IF(F14=0,"",1-G14/F14) -> 0.090009001
B15: =EDATE($C$4,8) -> 46357 | C15: =COUNTIFS(請求台帳!$D$9:$D$208,">="&EDATE($C$4,8),請求台帳!$D$9:$D$208,"<"&EDATE($C$4,9)) -> 0 | D15: =SUMIFS(請求台帳!$J$9:$J$208,請求台帳!$D$9:$D$208,">="&EDATE($C$4,8),請求台帳!$D$9:$D$208,"<"&EDATE($C$4,9)) -> 0 | E15: =SUMIFS(請求台帳!$N$9:$N$208,請求台帳!$M$9:$M$208,">="&EDATE($C$4,8),請求台帳!$M$9:$M$208,"<"&EDATE($C$4,9)) -> 0 | F15: =SUMIFS(請求台帳!$J$9:$J$208,請求台帳!$L$9:$L$208,">="&EDATE($C$4,8),請求台帳!$L$9:$L$208,"<"&EDATE($C$4,9)) -> 0 | G15: =SUMIFS(請求台帳!$P$9:$P$208,請求台帳!$L$9:$L$208,">="&EDATE($C$4,8),請求台帳!$L$9:$L$208,"<"&EDATE($C$4,9),請求台帳!$P$9:$P$208,">0") -> 0 | H15: =IF(F15=0,"",1-G15/F15)
B16: =EDATE($C$4,9) -> 46388 | C16: =COUNTIFS(請求台帳!$D$9:$D$208,">="&EDATE($C$4,9),請求台帳!$D$9:$D$208,"<"&EDATE($C$4,10)) -> 0 | D16: =SUMIFS(請求台帳!$J$9:$J$208,請求台帳!$D$9:$D$208,">="&EDATE($C$4,9),請求台帳!$D$9:$D$208,"<"&EDATE($C$4,10)) -> 0 | E16: =SUMIFS(請求台帳!$N$9:$N$208,請求台帳!$M$9:$M$208,">="&EDATE($C$4,9),請求台帳!$M$9:$M$208,"<"&EDATE($C$4,10)) -> 0 | F16: =SUMIFS(請求台帳!$J$9:$J$208,請求台帳!$L$9:$L$208,">="&EDATE($C$4,9),請求台帳!$L$9:$L$208,"<"&EDATE($C$4,10)) -> 0 | G16: =SUMIFS(請求台帳!$P$9:$P$208,請求台帳!$L$9:$L$208,">="&EDATE($C$4,9),請求台帳!$L$9:$L$208,"<"&EDATE($C$4,10),請求台帳!$P$9:$P$208,">0") -> 0 | H16: =IF(F16=0,"",1-G16/F16)
B17: =EDATE($C$4,10) -> 46419 | C17: =COUNTIFS(請求台帳!$D$9:$D$208,">="&EDATE($C$4,10),請求台帳!$D$9:$D$208,"<"&EDATE($C$4,11)) -> 0 | D17: =SUMIFS(請求台帳!$J$9:$J$208,請求台帳!$D$9:$D$208,">="&EDATE($C$4,10),請求台帳!$D$9:$D$208,"<"&EDATE($C$4,11)) -> 0 | E17: =SUMIFS(請求台帳!$N$9:$N$208,請求台帳!$M$9:$M$208,">="&EDATE($C$4,10),請求台帳!$M$9:$M$208,"<"&EDATE($C$4,11)) -> 0 | F17: =SUMIFS(請求台帳!$J$9:$J$208,請求台帳!$L$9:$L$208,">="&EDATE($C$4,10),請求台帳!$L$9:$L$208,"<"&EDATE($C$4,11)) -> 0 | G17: =SUMIFS(請求台帳!$P$9:$P$208,請求台帳!$L$9:$L$208,">="&EDATE($C$4,10),請求台帳!$L$9:$L$208,"<"&EDATE($C$4,11),請求台帳!$P$9:$P$208,">0") -> 0 | H17: =IF(F17=0,"",1-G17/F17)
B18: =EDATE($C$4,11) -> 46447 | C18: =COUNTIFS(請求台帳!$D$9:$D$208,">="&EDATE($C$4,11),請求台帳!$D$9:$D$208,"<"&EDATE($C$4,12)) -> 0 | D18: =SUMIFS(請求台帳!$J$9:$J$208,請求台帳!$D$9:$D$208,">="&EDATE($C$4,11),請求台帳!$D$9:$D$208,"<"&EDATE($C$4,12)) -> 0 | E18: =SUMIFS(請求台帳!$N$9:$N$208,請求台帳!$M$9:$M$208,">="&EDATE($C$4,11),請求台帳!$M$9:$M$208,"<"&EDATE($C$4,12)) -> 0 | F18: =SUMIFS(請求台帳!$J$9:$J$208,請求台帳!$L$9:$L$208,">="&EDATE($C$4,11),請求台帳!$L$9:$L$208,"<"&EDATE($C$4,12)) -> 0 | G18: =SUMIFS(請求台帳!$P$9:$P$208,請求台帳!$L$9:$L$208,">="&EDATE($C$4,11),請求台帳!$L$9:$L$208,"<"&EDATE($C$4,12),請求台帳!$P$9:$P$208,">0") -> 0 | H18: =IF(F18=0,"",1-G18/F18)
B19: 合計 | C19: =SUM(C7:C18) -> 8 | D19: =SUM(D7:D18) -> 2029500 | E19: =SUM(E7:E18) -> 336340 | F19: =SUM(F7:F18) -> 2029500 | G19: =SUM(G7:G18) -> 1692500 | H19: =IF(F19=0,"",1-G19/F19) -> 0.16605075
B22: 未入金の経過日表（今日時点）
B23: 区分 | C23: 件数 | D23: 未入金額 | E23: 構成比
B24: 期日前 | C24: =COUNTIFS(請求台帳!$R$9:$R$208,">=0") -> 4 | D24: =SUMIFS(請求台帳!$P$9:$P$208,請求台帳!$R$9:$R$208,">=0") -> 1516500 | E24: =IFERROR(D24/$D$28,"") -> 0.89601182
B25: 1〜30日超過 | C25: =COUNTIFS(請求台帳!$R$9:$R$208,"<=-1",請求台帳!$R$9:$R$208,">=-30") -> 1 | D25: =SUMIFS(請求台帳!$P$9:$P$208,請求台帳!$R$9:$R$208,"<=-1",請求台帳!$R$9:$R$208,">=-30") -> 176000 | E25: =IFERROR(D25/$D$28,"") -> 0.10398818
B26: 31〜60日超過 | C26: =COUNTIFS(請求台帳!$R$9:$R$208,"<=-31",請求台帳!$R$9:$R$208,">=-60") -> 0 | D26: =SUMIFS(請求台帳!$P$9:$P$208,請求台帳!$R$9:$R$208,"<=-31",請求台帳!$R$9:$R$208,">=-60") -> 0 | E26: =IFERROR(D26/$D$28,"") -> 0
B27: 61日以上超過 | C27: =COUNTIFS(請求台帳!$R$9:$R$208,"<=-61") -> 0 | D27: =SUMIFS(請求台帳!$P$9:$P$208,請求台帳!$R$9:$R$208,"<=-61") -> 0 | E27: =IFERROR(D27/$D$28,"") -> 0
B28: 合計 | C28: =SUM(C24:C27) -> 5 | D28: =SUM(D24:D27) -> 1692500 | E28: =IF(D28=0,"",1) -> 1
B31: 担当者別（全期間）
B32: 担当者 | C32: 請求件数 | D32: 請求額（税込） | E32: 入金額 | F32: 未入金残高 | G32: 期日超過（件）
B33: =IF(設定!B9="","",設定!B9) -> 佐藤 | C33: =IF($B33="","",COUNTIFS(請求台帳!$G$9:$G$208,$B33,請求台帳!$D$9:$D$208,"<>")) -> 3 | D33: =IF($B33="","",SUMIFS(請求台帳!$J$9:$J$208,請求台帳!$G$9:$G$208,$B33)) -> 99000 | E33: =IF($B33="","",SUMIFS(請求台帳!$N$9:$N$208,請求台帳!$G$9:$G$208,$B33)) -> 66000 | F33: =IF($B33="","",SUMIFS(請求台帳!$P$9:$P$208,請求台帳!$G$9:$G$208,$B33,請求台帳!$P$9:$P$208,">0")) -> 33000 | G33: =IF($B33="","",COUNTIFS(請求台帳!$G$9:$G$208,$B33,請求台帳!$Q$9:$Q$208,"期日超過")) -> 0
B34: =IF(設定!B10="","",設定!B10) -> 鈴木 | C34: =IF($B34="","",COUNTIFS(請求台帳!$G$9:$G$208,$B34,請求台帳!$D$9:$D$208,"<>")) -> 0 | D34: =IF($B34="","",SUMIFS(請求台帳!$J$9:$J$208,請求台帳!$G$9:$G$208,$B34)) -> 0 | E34: =IF($B34="","",SUMIFS(請求台帳!$N$9:$N$208,請求台帳!$G$9:$G$208,$B34)) -> 0 | F34: =IF($B34="","",SUMIFS(請求台帳!$P$9:$P$208,請求台帳!$G$9:$G$208,$B34,請求台帳!$P$9:$P$208,">0")) -> 0 | G34: =IF($B34="","",COUNTIFS(請求台帳!$G$9:$G$208,$B34,請求台帳!$Q$9:$Q$208,"期日超過")) -> 0
B35: =IF(設定!B11="","",設定!B11) -> 高橋 | C35: =IF($B35="","",COUNTIFS(請求台帳!$G$9:$G$208,$B35,請求台帳!$D$9:$D$208,"<>")) -> 3 | D35: =IF($B35="","",SUMIFS(請求台帳!$J$9:$J$208,請求台帳!$G$9:$G$208,$B35)) -> 544500 | E35: =IF($B35="","",SUMIFS(請求台帳!$N$9:$N$208,請求台帳!$G$9:$G$208,$B35)) -> 120340 | F35: =IF($B35="","",SUMIFS(請求台帳!$P$9:$P$208,請求台帳!$G$9:$G$208,$B35,請求台帳!$P$9:$P$208,">0")) -> 423500 | G35: =IF($B35="","",COUNTIFS(請求台帳!$G$9:$G$208,$B35,請求台帳!$Q$9:$Q$208,"期日超過")) -> 1
B36: =IF(設定!B12="","",設定!B12) -> 田中 | C36: =IF($B36="","",COUNTIFS(請求台帳!$G$9:$G$208,$B36,請求台帳!$D$9:$D$208,"<>")) -> 1 | D36: =IF($B36="","",SUMIFS(請求台帳!$J$9:$J$208,請求台帳!$G$9:$G$208,$B36)) -> 1078000 | E36: =IF($B36="","",SUMIFS(請求台帳!$N$9:$N$208,請求台帳!$G$9:$G$208,$B36)) -> 0 | F36: =IF($B36="","",SUMIFS(請求台帳!$P$9:$P$208,請求台帳!$G$9:$G$208,$B36,請求台帳!$P$9:$P$208,">0")) -> 1078000 | G36: =IF($B36="","",COUNTIFS(請求台帳!$G$9:$G$208,$B36,請求台帳!$Q$9:$Q$208,"期日超過")) -> 0
B37: =IF(設定!B13="","",設定!B13) -> 伊藤 | C37: =IF($B37="","",COUNTIFS(請求台帳!$G$9:$G$208,$B37,請求台帳!$D$9:$D$208,"<>")) -> 1 | D37: =IF($B37="","",SUMIFS(請求台帳!$J$9:$J$208,請求台帳!$G$9:$G$208,$B37)) -> 308000 | E37: =IF($B37="","",SUMIFS(請求台帳!$N$9:$N$208,請求台帳!$G$9:$G$208,$B37)) -> 150000 | F37: =IF($B37="","",SUMIFS(請求台帳!$P$9:$P$208,請求台帳!$G$9:$G$208,$B37,請求台帳!$P$9:$P$208,">0")) -> 158000 | G37: =IF($B37="","",COUNTIFS(請求台帳!$G$9:$G$208,$B37,請求台帳!$Q$9:$Q$208,"期日超過")) -> 0
B38: =IF(設定!B14="","",設定!B14) | C38: =IF($B38="","",COUNTIFS(請求台帳!$G$9:$G$208,$B38,請求台帳!$D$9:$D$208,"<>")) | D38: =IF($B38="","",SUMIFS(請求台帳!$J$9:$J$208,請求台帳!$G$9:$G$208,$B38)) | E38: =IF($B38="","",SUMIFS(請求台帳!$N$9:$N$208,請求台帳!$G$9:$G$208,$B38)) | F38: =IF($B38="","",SUMIFS(請求台帳!$P$9:$P$208,請求台帳!$G$9:$G$208,$B38,請求台帳!$P$9:$P$208,">0")) | G38: =IF($B38="","",COUNTIFS(請求台帳!$G$9:$G$208,$B38,請求台帳!$Q$9:$Q$208,"期日超過"))
B39: =IF(設定!B15="","",設定!B15) | C39: =IF($B39="","",COUNTIFS(請求台帳!$G$9:$G$208,$B39,請求台帳!$D$9:$D$208,"<>")) | D39: =IF($B39="","",SUMIFS(請求台帳!$J$9:$J$208,請求台帳!$G$9:$G$208,$B39)) | E39: =IF($B39="","",SUMIFS(請求台帳!$N$9:$N$208,請求台帳!$G$9:$G$208,$B39)) | F39: =IF($B39="","",SUMIFS(請求台帳!$P$9:$P$208,請求台帳!$G$9:$G$208,$B39,請求台帳!$P$9:$P$208,">0")) | G39: =IF($B39="","",COUNTIFS(請求台帳!$G$9:$G$208,$B39,請求台帳!$Q$9:$Q$208,"期日超過"))
B40: =IF(設定!B16="","",設定!B16) | C40: =IF($B40="","",COUNTIFS(請求台帳!$G$9:$G$208,$B40,請求台帳!$D$9:$D$208,"<>")) | D40: =IF($B40="","",SUMIFS(請求台帳!$J$9:$J$208,請求台帳!$G$9:$G$208,$B40)) | E40: =IF($B40="","",SUMIFS(請求台帳!$N$9:$N$208,請求台帳!$G$9:$G$208,$B40)) | F40: =IF($B40="","",SUMIFS(請求台帳!$P$9:$P$208,請求台帳!$G$9:$G$208,$B40,請求台帳!$P$9:$P$208,">0")) | G40: =IF($B40="","",COUNTIFS(請求台帳!$G$9:$G$208,$B40,請求台帳!$Q$9:$Q$208,"期日超過"))
B41: =IF(設定!B17="","",設定!B17) | C41: =IF($B41="","",COUNTIFS(請求台帳!$G$9:$G$208,$B41,請求台帳!$D$9:$D$208,"<>")) | D41: =IF($B41="","",SUMIFS(請求台帳!$J$9:$J$208,請求台帳!$G$9:$G$208,$B41)) | E41: =IF($B41="","",SUMIFS(請求台帳!$N$9:$N$208,請求台帳!$G$9:$G$208,$B41)) | F41: =IF($B41="","",SUMIFS(請求台帳!$P$9:$P$208,請求台帳!$G$9:$G$208,$B41,請求台帳!$P$9:$P$208,">0")) | G41: =IF($B41="","",COUNTIFS(請求台帳!$G$9:$G$208,$B41,請求台帳!$Q$9:$Q$208,"期日超過"))
B42: =IF(設定!B18="","",設定!B18) | C42: =IF($B42="","",COUNTIFS(請求台帳!$G$9:$G$208,$B42,請求台帳!$D$9:$D$208,"<>")) | D42: =IF($B42="","",SUMIFS(請求台帳!$J$9:$J$208,請求台帳!$G$9:$G$208,$B42)) | E42: =IF($B42="","",SUMIFS(請求台帳!$N$9:$N$208,請求台帳!$G$9:$G$208,$B42)) | F42: =IF($B42="","",SUMIFS(請求台帳!$P$9:$P$208,請求台帳!$G$9:$G$208,$B42,請求台帳!$P$9:$P$208,">0")) | G42: =IF($B42="","",COUNTIFS(請求台帳!$G$9:$G$208,$B42,請求台帳!$Q$9:$Q$208,"期日超過"))
B43: =IF(設定!B19="","",設定!B19) | C43: =IF($B43="","",COUNTIFS(請求台帳!$G$9:$G$208,$B43,請求台帳!$D$9:$D$208,"<>")) | D43: =IF($B43="","",SUMIFS(請求台帳!$J$9:$J$208,請求台帳!$G$9:$G$208,$B43)) | E43: =IF($B43="","",SUMIFS(請求台帳!$N$9:$N$208,請求台帳!$G$9:$G$208,$B43)) | F43: =IF($B43="","",SUMIFS(請求台帳!$P$9:$P$208,請求台帳!$G$9:$G$208,$B43,請求台帳!$P$9:$P$208,">0")) | G43: =IF($B43="","",COUNTIFS(請求台帳!$G$9:$G$208,$B43,請求台帳!$Q$9:$Q$208,"期日超過"))
B44: =IF(設定!B20="","",設定!B20) | C44: =IF($B44="","",COUNTIFS(請求台帳!$G$9:$G$208,$B44,請求台帳!$D$9:$D$208,"<>")) | D44: =IF($B44="","",SUMIFS(請求台帳!$J$9:$J$208,請求台帳!$G$9:$G$208,$B44)) | E44: =IF($B44="","",SUMIFS(請求台帳!$N$9:$N$208,請求台帳!$G$9:$G$208,$B44)) | F44: =IF($B44="","",SUMIFS(請求台帳!$P$9:$P$208,請求台帳!$G$9:$G$208,$B44,請求台帳!$P$9:$P$208,">0")) | G44: =IF($B44="","",COUNTIFS(請求台帳!$G$9:$G$208,$B44,請求台帳!$Q$9:$Q$208,"期日超過"))
... B47: =IF(設定!B23="","",設定!B23) | C47: =IF($B47="","",COUNTIFS(請求台帳!$G$9:$G$208,$B47,請求台帳!$D$9:$D$208,"<>")) | D47: =IF($B47="","",SUMIFS(請求台帳!$J$9:$J$208,請求台帳!$G$9:$G$208,$B47)) | E47: =IF($B47="","",SUMIFS(請求台帳!$N$9:$N$208,請求台帳!$G$9:$G$208,$B47)) | F47: =IF($B47="","",SUMIFS(請求台帳!$P$9:$P$208,請求台帳!$G$9:$G$208,$B47,請求台帳!$P$9:$P$208,">0")) | G47: =IF($B47="","",COUNTIFS(請求台帳!$G$9:$G$208,$B47,請求台帳!$Q$9:$Q$208,"期日超過"))

Sheet 設定
A1: 他にも魅力的な情報がたっぷり！テンプレート倉庫
B2: 設定
B4: 消費税率 | C4: 0.1 | D4: 税額は1円未満切り捨て（請求書1枚ごとに計算）
B5: 支払期日（何か月後の月末） | C5: 1 | D5: 1＝翌月末払い、2＝翌々月末払い。個別の期日は台帳で指定可
B6: 期日が近い（日以内） | C6: 7 | D6: この日数以内で黄色表示
B8: 担当者一覧（最大15名） | D8: ステータス（自動判定・変更不可）
B9: 佐藤 | D9: 未入金
B10: 鈴木 | D10: 一部入金
B11: 高橋 | D11: 期日超過
B12: 田中 | D12: 入金済
B13: 伊藤
